 Dungeon Crawl Stone Soup version 0.20.1-1-g8b1a95d (webtiles) character file.

39221 Jazqa the Markscentaur (level 13, -2/118 HPs)
             Began as a Centaur Hunter on Oct 29, 2017.
             Was the Champion of Okawaru.
             Splashed by an acid blob's acid (11 damage)
             ... on level 6 of the Lair of Beasts.
             The game lasted 00:30:53 (17740 turns).

Jazqa the Markscentaur (Centaur Hunter)            Turns: 17740, Time: 00:30:55

Health: -2/118     AC: 10    Str: 17    XL:     13   Next: 68%
Magic:  19/21      EV: 17    Int: 10    God:    Okawaru [******]
Gold:   905        SH:  4    Dex: 16    Spells: 12/12 levels left

rFire    + + .     SeeInvis .   a - +3 longbow (flame)
rCold    . . .     Gourm    .   (shield currently unavailable)
rNeg     . . .     Faith    .   G - +2 leather armour {rF+}
rPois    .         Spirit   .   c - +2 hat
rElec    .         Reflect  +   y - +0 cloak
rCorr    .         Harm     .   z - +0 pair of gloves "Mabu" {rF+ MR+} (curse)
MR       +....                  B - +1 centaur barding
Stlth    ++........             K - +4 amulet of reflection
Regen    0.3/turn               O - +4 ring of protection
MPRegen  0.2/turn               S - +3 ring of strength

@: heroism, corroded, hasted, very quick
A: hooves 3, deformed body, speed 2, tough skin 3
a: Heroism, Finesse, Renounce Religion


You were on level 6 of the Lair of Beasts.
You worshipped Okawaru.
Okawaru was exalted by your worship.
You were not hungry.

You visited 3 branches of the dungeon, and saw 16 of its levels.

You collected 905 gold pieces.


Innate Abilities, Weirdness & Mutations

You have hooves in place of feet.
Armour fits poorly on your strangely shaped body.
You cover ground very quickly.
You have extremely tough skin. (AC +3)


   Skills:
 + Level 12.2(17.2) Fighting
 + Level 15.9(20.9) Bows
 + Level 2.1(7.1) Armour
 + Level 8.5(13.5) Dodging
 - Level 0.4(5.4) Stealth
 - Level 7.0(12.0) Unarmed Combat
 - Level 11.0 Invocations


You had 12 spell levels left.
You didn't know any spells.

Inventory:

Hand Weapons
 a - a +3 longbow of flaming (weapon)
Missiles
 g - 6 throwing nets {=f}
 o - 168 arrows (quivered)
Armour
 c - a +2 hat (worn)
 y - a +0 cloak (worn)
 z - the cursed +0 pair of gloves "Mabu" (worn) {rF+ MR+}
   (You found it on level 5 of the Dungeon)

   It protects you from fire.
   It affects your resistance to hostile enchantments.
   It has a curse placed upon it.
 B - a +1 centaur barding (worn)
 G - a +2 leather armour of fire resistance (worn)
 V - a +3 ring mail of poison resistance
Jewellery
 v - an uncursed ring of see invisible
 C - an uncursed ring of ice
 K - a +4 amulet of reflection (around neck)
 N - an uncursed ring of positive energy
 O - a +4 ring of protection (left hand)
 P - an uncursed ring of poison resistance
 S - a +3 ring of strength (right hand)
Wands
 D - a wand of iceblast (11/15)
 R - a wand of flame (15/48)
Scrolls
 d - 7 scrolls of remove curse {@r2}
 f - 5 scrolls of identify {@r1}
 m - a scroll of enchant weapon
 q - a scroll of magic mapping {unknown}
 s - 4 scrolls of recharging
 u - 3 scrolls of enchant armour
 x - 7 scrolls of teleportation {@r4}
 A - 3 scrolls of fog
 F - 4 scrolls of blinking
 I - 2 scrolls of fear
 L - 4 scrolls of amnesia
Potions
 b - 3 potions of degeneration {unknown}
 e - 3 potions of mutation {!q}
 i - 3 potions of flight
 j - 3 potions of curing {@q1}
 k - 3 potions of heal wounds {@q2}
 r - 3 potions of brilliance
 t - 3 potions of haste {@q3}
 E - 4 potions of might
 H - 3 potions of lignification {unknown}
 U - a potion of resistance
 Z - a potion of magic
Books
 n - a book of Party Tricks

   Spells                             Type                      Level
   a - Summon Butterflies             Summoning                    1
   b - Apportation                    Translocation                1
   c - Lesser Beckoning               Translocation                3
   d - Tukima's Dance                 Hexes                        3
   e - Alistair's Intoxication        Transmutation/Poison         5
   f - Invisibility                   Hexes                        6
Miscellaneous
 M - a sack of spiders
Comestibles
 h - 9 royal jellies {@e3}
 l - 5 fruits {@e2}
 p - 8 meat rations {@e1}
 w - 6 chunks of flesh
 T - 3 bread rations {@e1}

Dungeon Overview and Level Annotations

Branches:
Dungeon (9/15)             Temple (1/1) D:4            Lair (6/6) D:9
 Shoals (0/4) Lair:4       Spider (0/4) Lair:3        Slime (0/5) Lair:6
    Orc: D:9-12

Altars:
Cheibriados
Elyvilon
Fedhas
Gozag
Kikubaaqudgha
Okawaru
Qazlal
Ru
Sif Muna
Uskayaw
Xom
Yredelemnul
Zin
The Shining One
Jiyva

Shops:
D:7 }

Annotations:
Lair:6 2 runed doors

▒.>.▒....................
▒...▒....................
▒.⚑.▒....................
#▒#'#▒...................P
###...(.......#.......†÷.P#.
#.......J.....#...........#.
########.(..................
####.J................. #####
≈≈####@................
####8#8###≈≈# #........÷........
#8#§≈≈≈≈§≈≈# #.................
§§§≈≈..≈≈≈### ##......#.P.).....
≈§§§....≈≈≈≈### ###....#P.P..#...
..§.......≈§≈≈## ###............
...............#### ##...........
#..§§§≈.§.........###............
##≈§≈≈≈≈....÷....)†..#..........#


You could see an acid blob and a large slime creature.


Message History

Use which ability? (? or * to list)
You gain the combat prowess of a mighty hero.
Firing (i - inventory. (,) - cycle):
o - 171 arrows (quivered)
Press: ? - help, Shift-Dir - straight line, f/p - acid blob
Aim: an acid blob (moderately wounded)
You shoot an arrow. The arrow hits the acid blob!
The arrow burns the acid blob.
The acid blob is heavily wounded.
Firing (i - inventory. (,) - cycle):
o - 170 arrows (quivered)
Press: ? - help, Shift-Dir - straight line, f/p - acid blob
Aim: an acid blob (heavily wounded)
You shoot an arrow. The arrow hits the acid blob.
The arrow burns the acid blob.
The acid blob is heavily wounded.
Two slime creatures merge to form a large slime creature.
Firing (i - inventory. (,) - cycle):
o - 169 arrows (quivered)
Press: ? - help, Shift-Dir - straight line, f/p - acid blob
Aim: an acid blob (heavily wounded)
You shoot an arrow.
The arrow hits the acid blob but does no damage.
The acid blob is heavily wounded.
The acid blob spits acid at you. The splash of acid hits you!
* * * LOW HITPOINT WARNING * * *
You are splashed with acid!
The acid burns!
* * * LOW HITPOINT WARNING * * *
You feel yourself speed up. The acid blob hits you!
* * * LOW HITPOINT WARNING * * *
You are splashed with acid!
The acid burns!
You die...

Skill      XL: |  1  2  3  4  5  6  7  8  9 10 11 12 13 |
---------------+----------------------------------------+-----
Unarmed Combat | 1 2 3 4 5 7 |  7.0
Bows           | 6 7 8 9 10 11 12 14 15 | 15.9
Fighting       | 3 4 5 6 8 9 10 11 12 | 12.2
Invocations    | 3 5 7 9 10 11 | 11.0
Dodging        | 2 4 5 6 7 8 |  8.5
Armour         | 2 |  2.1
Stealth        | |  0.4

Action                   |  1- 3 |  4- 6 |  7- 9 | 10-12 | 13-15 || total
-------------------------+-------+-------+-------+-------+-------++-------
Melee: Shortbow          |    27 |       |     2 |       |       ||    29
       Kick              |    24 |    42 |    12 |     2 |       ||    80
       Short sword       |     5 |       |       |       |       ||     5
       Unarmed           |    88 |   157 |    44 |     4 |       ||   293
       Punch             |       |       |     2 |       |       ||     2
 Fire: Shortbow          |    14 |    51 |   313 |   211 |       ||   589
       Longbow           |       |       |       |   530 |   228 ||   758
Invok: Heroism           |       |       |     4 |     5 |     1 ||    10
  Use: Potion            |     1 |     1 |       |       |     1 ||     3
       Scroll            |     1 |     8 |       |     9 |       ||    18
  Eat: Chunk             |     2 |     7 |     8 |    18 |     4 ||    39
       Fruit             |       |       |     1 |       |       ||     1
Armor: Robe              |    68 |    14 |       |       |       ||    82
       Leather armour    |       |    52 |    53 |   130 |    10 ||   245
       Ring mail         |       |       |       |       |     9 ||     9
       Troll leather arm |       |       |       |       |     3 ||     3
Dodge: Dodged            |    68 |    75 |    47 |   156 |    17 ||   363
Block: Other             |       |     2 |    16 |    64 |     6 ||    88
       Reflection        |       |       |     6 |     5 |       ||    11

Vault maps used:
D:1:      nicolae_arrival_kraken_aquarium_a
D:2:      nicolae_overflow_hidden_temple, uniq_terence
D:3:      uniq_robin
D:4:      minitemple, minmay_temple_entry_mist, uniq_sigmund,
          uniq_crazy_yiuf_cottage
D:5:      cheibrodos_fzero, first_bread
D:7:      kennysheep_little_box, serial_shops, shop, grunt_ogre_cave,
          uniq_joseph
D:8:      nicolae_tso_carved_into_rock, lemuel_blue_sif_altar
D:9:      lair_entry_dummy, corexii_corridor_pit, uniq_grum, uniq_erolcha
Temple:   eino_wide_crystal_templ
Lair:1:   small_statue_intersection, serial_bayou_pond_c, st_stairs_12,
          beast_lair_carwin_10, serial_bayou_shore_b, uniq_harold
Lair:3:   nicolae_spider_entry_orb_guardian, serial_bayou_lagoon_b
Lair:4:   lemuel_reptile_caves, minmay_shoals_entry_hut,
          nicolae_volcano_entry_batcave, st_stairs_8, serial_bayou_shore_b
Lair:5:   serial_bayou_pond_e, grunt_megastairs_3
Lair:6:   cheibrodos_lair_end_hotspot, slime_altar_2, uniq_snorg

Notes
Turn   | Place    | Note
-------+----------+-------------------------------------------
     0 | D:1      | Jazqa the Centaur Hunter began the quest for the Orb.
     0 | D:1      | Reached XP level 1. HP: 17/17 MP: 1/1
     0 | D:1      | Noticed an elf
     0 | D:1      | Noticed a vine stalker
     0 | D:1      | Noticed a troll
     0 | D:1      | Noticed a kraken
     0 | D:1      | Noticed a formicid
     0 | D:1      | Noticed an octopode
     0 | D:1      | Noticed a naga
     0 | D:1      | Noticed a centaur
     0 | D:1      | Noticed a vine stalker
     7 | D:1      | Killed a formicid
     8 | D:1      | Killed an octopode
     8 | D:1      | Killed a naga
     9 | D:1      | Killed a vine stalker
    10 | D:1      | Killed a centaur
    12 | D:1      | Killed a troll
    13 | D:1      | Killed a vine stalker
    14 | D:1      | Killed an elf
   211 | D:1      | Reached XP level 2. HP: 5/24 MP: 2/2
   559 | D:1      | Reached skill level 1 in Unarmed Combat
  1274 | D:1      | Reached skill level 6 in Bows
  1510 | D:2      | Reached XP level 3. HP: 24/29 MP: 3/3
  1894 | D:2      | Reached XP level 4. HP: 37/37 MP: 4/4
  1900 | D:2      | Reached skill level 3 in Fighting
  2133 | D:2      | Reached skill level 2 in Unarmed Combat
  2268 | D:2      | Noticed Terence
  2314 | D:2      | Killed Terence
  2431 | D:2      | Found a blossoming altar of Fedhas.
  2847 | D:3      | Reached XP level 5. HP: 45/45 MP: 5/5
  2884 | D:3      | Reached skill level 7 in Bows
  2954 | D:3      | Reached skill level 3 in Unarmed Combat
  3229 | D:3      | Reached XP level 6. HP: 42/52 MP: 6/6
  3257 | D:3      | Noticed an ice beast
  3281 | D:3      | Killed an ice beast
  3281 | D:3      | Reached skill level 4 in Fighting
  3608 | D:3      | Noticed Robin
  3708 | D:2      | Killed Robin
  4085 | D:4      | Found a shimmering altar of Xom.
  4105 | D:4      | Found a basalt altar of Yredelemnul.
  4229 | D:4      | Found a runed door.
  4379 | D:4      | Found a staircase to the Ecumenical Temple.
  4490 | Temple   | Entered the Ecumenical Temple
  4496 | Temple   | Became a worshipper of Warmaster Okawaru
  4610 | D:4      | Found an ancient bone altar of Kikubaaqudgha.
  4611 | D:4      | Found an opulent altar of Gozag.
  4611 | D:4      | Found a snail-covered altar of Cheibriados.
  4611 | D:4      | Found a hide-covered altar of Uskayaw.
  4615 | D:4      | Found a stormy altar of Qazlal.
  4639 | D:4      | Noticed Sigmund
  4656 | D:4      | Killed Sigmund
  4656 | D:4      | Reached skill level 8 in Bows
  4656 | D:4      | Reached skill level 4 in Unarmed Combat
  4656 | D:4      | Reached XP level 7. HP: 46/60 MP: 7/7
  4764 | D:4      | Reached skill level 5 in Fighting
  4944 | D:4      | Noticed Crazy Yiuf
  4958 | D:4      | Killed Crazy Yiuf
  5020 | D:5      | Entered Level 5 of the Dungeon
  5024 | D:5      | Got a pair of spiked gloves
  5035 | D:5      | Identified the cursed +0 pair of gloves "Mabu" {rF+ MR+} (You found it on level 5 of the Dungeon)
  5496 | D:5      | Reached * piety under Okawaru
  5496 | D:5      | Reached skill level 9 in Bows
  5540 | D:5      | Reached skill level 5 in Unarmed Combat
  5540 | D:5      | Reached XP level 8. HP: 21/69 MP: 8/8
  5872 | D:5      | Reached skill level 6 in Fighting
  6471 | D:6      | Reached skill level 1 in Invocations
  6554 | D:6      | Reached skill level 10 in Bows
  6608 | D:6      | Reached ** piety under Okawaru
  6608 | D:6      | Reached skill level 2 in Invocations
  6668 | D:6      | Reached skill level 2 in Dodging
  6841 | D:6      | Reached skill level 3 in Invocations
  6841 | D:6      | Reached XP level 9. HP: 39/78 MP: 11/11
  7346 | D:7      | Reached skill level 7 in Fighting
  7526 | D:7      | Reached skill level 3 in Dodging
  7546 | D:7      | Noticed Joseph
  7566 | D:7      | Killed Joseph
  7566 | D:7      | Reached *** piety under Okawaru
  7566 | D:7      | Reached skill level 11 in Bows
  7566 | D:7      | Reached skill level 4 in Invocations
  8089 | D:7      | Found Tumaqim's Gadget Shoppe.
  8125 | D:7      | Found a white marble altar of Elyvilon.
  8391 | D:8      | Noticed a two-headed ogre
  8453 | D:8      | Killed a two-headed ogre
  8453 | D:8      | Reached **** piety under Okawaru
  8453 | D:8      | Reached skill level 8 in Fighting
  8453 | D:8      | Reached skill level 4 in Dodging
  8453 | D:8      | Reached skill level 5 in Invocations
  8453 | D:8      | Reached XP level 10. HP: 76/88 MP: 12/14
  8509 | D:8      | Noticed a two-headed ogre
  8554 | D:8      | Killed a two-headed ogre
  8606 | D:8      | Noticed a two-headed ogre
  8635 | D:8      | Killed a two-headed ogre
  8635 | D:8      | Reached ***** piety under Okawaru
  8635 | D:8      | Reached skill level 12 in Bows
  8635 | D:8      | Reached skill level 6 in Invocations
  8903 | D:8      | Noticed a two-headed ogre
  8916 | D:8      | Killed a two-headed ogre
  9032 | D:8      | Reached skill level 5 in Dodging
  9066 | D:8      | Received a gift from Okawaru
  9129 | D:8      | Found a deep blue altar of Sif Muna.
  9208 | D:8      | Found a glowing golden altar of the Shining One.
  9214 | D:8      | Reached skill level 9 in Fighting
  9743 | D:9      | Noticed a skeletal warrior
  9743 | D:9      | Noticed a skeletal warrior
  9798 | D:9      | Killed a skeletal warrior
  9798 | D:9      | Reached skill level 7 in Invocations
  9839 | D:9      | Killed a skeletal warrior
  9839 | D:9      | Received a gift from Okawaru
  9839 | D:9      | Reached XP level 11. HP: 64/97 MP: 16/16
  9991 | D:9      | Noticed a skeletal warrior
 10052 | D:9      | Killed a skeletal warrior
 10118 | D:9      | Noticed a skeletal warrior
 10151 | D:9      | Killed a skeletal warrior
 10151 | D:9      | Reached skill level 13 in Bows
 10249 | D:9      | Noticed Grum
 10260 | D:9      | Killed Grum
 10325 | D:9      | Noticed a two-headed ogre
 10352 | D:9      | Killed a two-headed ogre
 10487 | D:9      | Noticed Erolcha
 10491 | D:9      | Killed Erolcha
 10491 | D:9      | Reached skill level 8 in Invocations
 10658 | D:9      | Found a staircase to the Lair.
 10904 | D:9      | Noticed a two-headed ogre
 10906 | D:9      | Noticed a death knight
 10910 | D:9      | Killed a two-headed ogre
 10910 | D:9      | Received a gift from Okawaru
 10910 | D:9      | Reached skill level 10 in Fighting
 10910 | D:9      | Reached skill level 6 in Dodging
 10936 | D:9      | Killed a death knight
 11220 | Lair:1   | Entered Level 1 of the Lair of Beasts
 11631 | Lair:1   | Reached ****** piety under Okawaru
 11748 | Lair:1   | Reached skill level 9 in Invocations
 11910 | Lair:1   | Received a gift from Okawaru
 11910 | Lair:1   | Reached skill level 14 in Bows
 12036 | Lair:1   | Noticed Harold
 12049 | Lair:1   | Killed Harold
 12049 | Lair:1   | Reached XP level 12. HP: 101/107 MP: 16/18
 12716 | Lair:2   | Reached skill level 6 in Unarmed Combat
 12780 | Lair:2   | Noticed a seven-headed hydra
 12784 | Lair:2   | Killed a seven-headed hydra
 13498 | Lair:3   | Found a hole to the Spider Nest.
 13844 | Lair:3   | Reached skill level 7 in Dodging
 14397 | Lair:4   | Noticed a seven-headed hydra
 14407 | Lair:4   | Killed a seven-headed hydra
 14537 | Lair:4   | Reached skill level 10 in Invocations
 14578 | Lair:4   | Reached skill level 11 in Fighting
 14580 | Lair:4   | Received a gift from Okawaru
 14585 | Lair:4   | Reached skill level 7 in Unarmed Combat
 14885 | Lair:4   | Found a staircase to the Shoals.
 15159 | Lair:4   | Found a dark tunnel.
 15881 | Lair:5   | Noticed an eight-headed hydra
 15886 | Lair:5   | Killed an eight-headed hydra
 15886 | Lair:5   | Reached skill level 15 in Bows
 16420 | Lair:6   | Entered Level 6 of the Lair of Beasts
 16434 | Lair:6   | Noticed a death yak
 16444 | Lair:6   | Killed a death yak
 16462 | Lair:6   | Noticed a death yak
 16465 | Lair:6   | Noticed a death yak
 16475 | Lair:6   | Noticed a death yak
 16525 | Lair:6   | Killed a death yak
 16525 | Lair:6   | Reached XP level 13. HP: 116/116 MP: 17/20
 16737 | Lair:6   | Noticed Snorg
 16757 | Lair:6   | Killed Snorg
 16757 | Lair:6   | Received a gift from Okawaru
 16979 | Lair:6   | Reached skill level 8 in Dodging
 17002 | Lair:6   | Received a gift from Okawaru
 17002 | Lair:6   | Reached skill level 11 in Invocations
 17369 | Lair:6   | Reached skill level 1 in Armour
 17384 | Lair:6   | Reached skill level 12 in Fighting
 17448 | Lair:6   | Noticed a fire dragon
 17450 | Lair:6   | Found a large runed door.
 17451 | Lair:6   | Found a large runed door.
 17624 | Lair:6   | Reached skill level 2 in Armour
 17722 | Lair:6   | Found a runed door.
 17722 | Lair:6   | Found a viscous altar of Jiyva.
 17723 | Lair:6   | Noticed an acid blob
 17726 | Lair:6   | Found a staircase to the Slime Pits.
 17740 | Lair:6   | HP: 9/118 [acid blob (13)]
 17740 | Lair:6   | Splashed by an acid blob's acid

Vanquished Creatures
  Snorg (Lair:6)
  5 hydras
  Harold (Lair:1)
  Erolcha (D:9)
  4 death yaks (Lair:6)
  A death knight (D:9)
  6 two-headed ogres
  4 skeletal warriors (D:9)
  A lindwurm (Lair:6)
  An orb spider (Lair:3)
  Joseph (D:7)
  4 black mambas
  6 spiny frogs
  3 molten gargoyles (Lair:6)
  13 komodo dragons
  2 rime drakes
  A polar bear (Lair:6)
  4 blink frogs (Lair:3)
  8 hippogriffs
  A snapping turtle (Lair:4)
  Sigmund (D:4)
  2 wyverns
  10 yaks (Lair:6)
  3 fire bats (Lair:4)
  3 basilisks (Lair:6)
  Grum (D:9)
  12 water moccasins
  3 hell hounds (Lair:6)
  3 orc warriors
  9 porcupines
  3 ice beasts
  A necrophage (D:9)
  3 sky beasts
  4 ogres
  A phantom (D:4)
  An eye of draining (D:9)
  14 wolves
  5 centaurs
  28 crocodiles
  6 bullfrogs
  A wyvern zombie (D:7)
  A water moccasin skeleton (D:8)
  10 killer bees (D:8)
  5 electric eels
  5 wights (D:6)
  5 lava snakes (Lair:6)
  A howler monkey (D:4)
  4 bullfrog zombies
  3 crimson imps
  3 hounds
  3 orc priests
  2 jellies
  Crazy Yiuf (D:4)
  4 bullfrog skeletons
  A centaur skeleton (D:9)
  6 orc wizards
  9 iguanas
  Terence (D:2)
  4 worker ants
  A howler monkey zombie (D:7)
  Robin (D:2)
  5 gnolls
  5 adders
  A howler monkey skeleton (D:6)
  An ooze (D:1)
  2 adder zombies
  2 adder skeletons
  3 worms
  4 dart slugs
  9 leopard geckos
  41 orcs
  4 giant cockroaches
  14 goblins
  7 hobgoblins
  3 jackals (D:5)
  5 quokkas
  6 bats
  10 frilled lizards
  A jackal skeleton (D:4)
  7 kobolds
  2 quokka skeletons
  A quokka zombie (D:7)
  4 rats
389 creatures vanquished.

Vanquished Creatures (others)
  An octopode (D:1)
  2 vine stalkers (D:1)
  An elf (D:1)
  A troll (D:1)
  A formicid (D:1)
  A naga (D:1)
  2 centaurs
  A mummy (D:1)
  2 orcs (D:1)
  A kobold (D:1)
  5 fungi
  A plant (Lair:6)
  4 tentacles (D:1)
23 creatures vanquished.

Grand Total: 412 creatures vanquished
